 Dungeon Crawl Stone Soup version 0.30-a0-6-g7c9e10e132 (webtiles) character file.

Game seed: 3001735140404933953

30 drpainis the Changer (level 3, -3/26 HPs)
             Began as a Merfolk Transmuter on Aug 22, 2022.
             Succumbed to a goblin's poison
             ... on level 1 of the Dungeon.
             The game lasted 00:01:18 (1190 turns).

drpainis the Changer (Merfolk Transmuter)           Turns: 1190, Time: 00:01:19

Health: -3/26      AC:  2    Str: 12    XL:     3   Next: 18%
Magic:  6/6        EV: 13    Int: 12    God:
Gold:   9          SH:  0    Dex: 14    Spells: 5/6 levels left

rFire   . . .      SeeInvis .      - Unarmed
rCold   . . .      Faith    .    (no shield)
rNeg    . . .      Spirit   .    a - +0 robe
rPois   .          Reflect  .    (helmet currently unavailable)
rElec   .          Harm     .    (no cloak)
rCorr   .          Rampage  .    (no gloves)
Will    .....                    (boots currently unavailable)
Stlth   +.........               (no amulet)
HPRegen 0.08/turn                (no ring)
MPRegen 0.10/turn                (no ring)

@: lethally poisoned (-3 -> -21), appendages
A: horns 2, (nimble swimmer 2), mertail
a: End Transformation


You were on level 1 of the Dungeon.
You had temporarily grown beastly horns.
You visited 1 branch of the dungeon, and saw 1 of its levels.

You collected 9 gold pieces.

Inventory:

Armour
 a - a +0 robe (worn)
Scrolls
 d - a scroll of blinking {unknown}
 e - a scroll of butterflies {unknown}
 f - a scroll of enchant armour {unknown}
Potions
 b - a potion of lignification
 c - a potion of curing {unknown}


   Skills:
 + Level 1.1 Fighting
 + Level 2.9 Dodging
 + Level 3.7 Unarmed Combat
 + Level 2.1 Spellcasting
 + Level 3.9 Transmutations


You had 5 spell levels left.
You knew the following spells:

 Your Spells              Type           Power      Damage    Failure   Level
a - Beastly Appendage     Tmut           20%        N/A       5%          1

Your spell library contained the following spells:

 Spells                   Type           Power      Damage    Failure   Level
 Wereblood                Tmut           10%        N/A       9%          2
 Spider Form              Tmut/Pois      6%         N/A       34%         3
 Ice Form                 Ice/Tmut       6%         N/A       75%         4


Dungeon Overview and Level Annotations

Branches:
Dungeon (1/15)

Altars:


Innate Abilities, Weirdness & Mutations

You have temporarily grown beastly horns.
((You are very nimble when in or above water. (Stealth+, EV+, Speed+++)))
Your lower body shifts to a powerful aquatic tail in water.


Message History

The bat hits you but does no damage.
You closely miss the bat. Your headbutt misses the bat.
Your transformation is almost over.
The bat misses you.
You miss the bat. You headbutt the bat.
You kill the bat!
Your horns disappear.
You see here a +0 scale mail.
A goblin comes into view. It is wielding a +1 dagger of venom.
A goblin is nearby!
A goblin is nearby!
A goblin is nearby!
You closely miss the goblin. The goblin barely misses you.
Casting: Beastly Appendage (safe; 5% risk of failure)
Confirm with . or Enter, or press ? or * to list all spells.
You grow a pair of large bovine horns.
The goblin barely misses you.
You barely miss the goblin. The goblin closely misses you.
You barely miss the goblin.
The goblin hits you with a +1 dagger of venom.
You are poisoned.
You barely miss the goblin.
You feel sick. The goblin barely misses you.
You closely miss the goblin.
You feel sick. The goblin closely misses you.
You barely miss the goblin.
You feel sick. The goblin misses you.
You barely miss the goblin. Your headbutt misses the goblin.
You feel sick.
The goblin hits you with a +1 dagger of venom.
You are more poisoned.
You closely miss the goblin. Your punch misses the goblin.
You feel very sick.
The goblin hits you with a +1 dagger of venom.
You are more poisoned.
You barely miss the goblin.
You feel very sick. The goblin barely misses you.
* * * LOW HITPOINT WARNING * * *
You feel very sick. The goblin attacks as you move away!
The goblin hits you but does no damage.
You are more poisoned.
* * * LOW HITPOINT WARNING * * *
You feel very sick.
You die...

#.# # .....##.).......
#.#########..##.#######.
#............##.#
############.##.#
..##.##.# . #.##.##.# ..
#.##.##.#### ...
#.#.........
....###.#.@##.####
..............#
........g.#####
##..##.### ........#
###..#### #. #


You could see a goblin.

Vanquished Creatures
  A gnoll (D:1)
  3 bats (D:1)
  A giant cockroach (D:1)
  2 goblins (D:1)
  2 hobgoblins (D:1)
  7 kobolds (D:1)
  2 rats (D:1)
18 creatures vanquished.

Vanquished Creatures (others)
  2 demonspawn (D:1)
  A draconian (D:1)
  A vine stalker (D:1)
  An elf (D:1)
  A troll (D:1)
  A merfolk (D:1)
  A formicid (D:1)
  A human (D:1)
  2 demigods (D:1)
  An ogre (D:1)
  A felid (D:1)
  2 kobolds (D:1)
  4 tentacles (D:1)
19 creatures vanquished.

Grand Total: 37 creatures vanquished

Notes
Turn   | Place    | Note
-------+----------+-------------------------------------------
     0 | D:1      | drpainis the Merfolk Transmuter began the quest for the
                  | Orb.
     0 | D:1      | Reached XP level 1. HP: 15/15 MP: 3/3
     3 | D:1      | Noticed a merfolk
     3 | D:1      | Noticed a draconian
     3 | D:1      | Noticed a formicid
     3 | D:1      | Noticed a troll
     3 | D:1      | Noticed a demigod
     3 | D:1      | Noticed a demonspawn
     3 | D:1      | Noticed a kraken
     3 | D:1      | Noticed an elf
     3 | D:1      | Noticed a vine stalker
     3 | D:1      | Noticed a human
     3 | D:1      | Noticed a demigod
     3 | D:1      | Noticed a felid
     3 | D:1      | Noticed an ogre
     3 | D:1      | Noticed a demonspawn
     5 | D:1      | Killed a demigod
     5 | D:1      | Killed a vine stalker
     7 | D:1      | Killed a human
     7 | D:1      | Killed an ogre
     8 | D:1      | Killed a felid
     8 | D:1      | Killed a merfolk
    12 | D:1      | Killed a demigod
    12 | D:1      | Killed a demonspawn
    13 | D:1      | Killed a formicid
    15 | D:1      | Killed an elf
    15 | D:1      | Killed a troll
    15 | D:1      | Killed a demonspawn
    18 | D:1      | Killed a draconian
   117 | D:1      | Reached XP level 2. HP: 3/21 MP: 1/5
   877 | D:1      | Reached XP level 3. HP: 26/26 MP: 4/6
  1189 | D:1      | HP: 1/26 [poisoned by a goblin]
  1190 | D:1      | Succumbed to a goblin's poison

Illustrated notes

Levels and vault maps discovered:
D:1:      nicolae_arrival_kraken_aquarium_b, layout_loops_ring

Skill      XL: |  1 |
---------------+----+-----
Transmutations | 3 |  3.9
Fighting       | |  1.1
Dodging        | |  2.9
Unarmed Combat | |  3.7
Spellcasting   | |  2.1

Action                   || total
-------------------------++-------
Melee: Unarmed           ||    81
       Headbutt          ||     8
       Punch             ||     2
 Cast: Beastly Appendage ||    16
 Stab: Sleeping          ||     1
Armor: Robe              ||    30
Dodge: Dodged            ||    68

Table legend: (Time is in decaauts)
 A = Elapsed time spent in this place.
 B = Non-inter-level travel time spent in this place.
 C = Inter-level travel time spent in this place.
 D = Time resting spent in this place.
 E = Time spent auto-exploring this place.
 F = Levels seen in this place.
 G = Mean time per level.
                   A        B        C        D        E       F      G
               +--------+--------+--------+--------+--------+-----+--------+
         Total |   1185 |   1185 |      0 |      0 |    949 |   1 | 1185.0 |
       Dungeon |   1185 |   1185 |      0 |      0 |    949 |   1 | 1185.0 |
               +--------+--------+--------+--------+--------+-----+--------+

Top non-repeatable levels by time:
     D:1: 1185 daAuts
